 Dungeon Crawl Stone Soup version 0.26-a0-958-gf3041fb45f (webtiles) character file.

Game seed: 8376477681003148511

33672 mhtbhm the Bludgeoner (level 13, -14/84 HPs)
             Began as a Gargoyle Fighter on Dec 1, 2020.
             Was the Champion of Okawaru.
             Killed from afar by a deep elf knight (38 damage)
             ... with a shard of ice
             ... on level 1 of the Elven Halls.
             The game lasted 00:33:06 (12364 turns).

mhtbhm the Bludgeoner (Gargoyle Fighter)           Turns: 12364, Time: 00:33:07

Health: -14/84     AC: 33    Str: 28    XL:     13   Next: 72%
Magic:  13/13      EV:  9    Int: 15    God:    Okawaru [******]
Gold:   1452       SH:  0    Dex:  9    Spells: 12/12 levels left

rFire    + + .     SeeInvis .   a - +7 dire flail "Woudwuid" {drain, MR++ Str+4}
rCold    + . .     Faith    .   (shield currently unavailable)
rNeg     + . .     Spirit   .   b - +2 plate armour {rF+}
rPois    ∞         Reflect  .   i - +1 helmet {Int+3}
rElec    +         Harm     .   D - scarf {rC+ rF+}
rCorr    .         Rampage  .   (no gloves)
MR       ++++.                  P - +0 pair of boots of Gestures {MR+ Int+2}
Stlth    ..........             f - amulet of regeneration
HPRegen  0.64/turn              G - +4 ring of protection
MPRegen  0.13/turn              s - ring of protection from magic

@: no status effects
A: negative energy resistance 1, electricity resistance, unbreathing,
petrification resistance, rot immunity, AC +9
a: Heroism, Finesse, Renounce Religion


You were on level 1 of the Elven Halls.
You worshipped Okawaru.
Okawaru was exalted by your worship.
You visited 4 branches of the dungeon, and saw 16 of its levels.

You collected 1656 gold pieces.
You spent 204 gold pieces at shops.

Inventory:

Hand Weapons
 a - the +7 dire flail "Woudwuid" (weapon) {drain, MR++ Str+4}
   (Okawaru gifted it to you on level 10 of the Dungeon)

   A truly terrible weapon, it drains the life of those it strikes.
   It affects your strength (+4).
   It affects your resistance to hostile enchantments.
 N - the +5 glaive of the Tomato {holy, Int+2}
   (You found it on level 10 of the Dungeon)

   It has been blessed by the Shining One to cause great damage to the undead
   and demons.
   It affects your intelligence (+2).
Missiles
 g - 6 curare-tipped darts (quivered)
Armour
 b - a +2 plate armour of fire resistance (worn)
 i - a +1 helmet of intelligence (worn)
 D - a scarf of resistance (worn)
 P - the +0 pair of boots of Gestures (worn) {MR+ Int+2}
   (Okawaru gifted it to you on level 1 of the Elven Halls)

   It affects your intelligence (+2).
   It affects your resistance to hostile enchantments.
Jewellery
 f - an amulet of regeneration (around neck)
 s - a ring of protection from magic (right hand)
 u - an uncursed ring of fire {unknown}
 C - an uncursed ring of resist corrosion
 E - an uncursed ring of protection from fire
 G - a +4 ring of protection (left hand)
 I - an uncursed ring of ice
Wands
 B - a wand of acid (25)
 F - a wand of digging (10)
 H - a wand of paralysis (6)
 L - a wand of disintegration (7)
 M - a wand of iceblast (11)
Scrolls
 c - a scroll of identify
 h - 7 scrolls of remove curse
 k - 2 scrolls of enchant weapon
 n - a scroll of enchant armour
 o - a scroll of fear
 p - 7 scrolls of teleportation
 q - 2 scrolls of magic mapping {unknown}
 x - a scroll of fog {unknown}
 y - 2 scrolls of amnesia {unknown}
 A - 2 scrolls of blinking {unknown}
 J - a scroll of noise {unknown}
 K - a scroll of silence {unknown}
Potions
 d - 2 potions of might
 e - a potion of attraction
 j - 2 potions of cancellation
 l - 2 potions of flight
 m - a potion of ambrosia
 r - 6 potions of curing
 t - 3 potions of heal wounds
 v - a potion of mutation {unknown}
 w - a potion of haste {unknown}
 z - a potion of magic {unknown}
 O - a potion of resistance {unknown}


   Skills:
 + Level 11.4 Fighting
 * Level 16.0 Maces & Flails
 + Level 9.8 Armour
 + Level 3.6 Dodging
 - Level 0.7 Stealth
 + Level 9.4 Shields
 + Level 0.2 Invocations
 + Level 0.1 Evocations


You had 12 spell levels left.
You didn't know any spells.
Your spell library contained the following spells:

 Spells                   Type           Power        Failure   Level
 Animate Skeleton         Necr           #.....       92%         1
 Pain                     Necr           #...         92%         1
 Ensorcelled Hibernation  Hex/Ice        #.....       98%         2
 Vampiric Draining        Necr           #.........   100%        3
 Animate Dead             Necr           #.........   100%        4
 Dispel Undead            Necr           #.......     100%        4
 Agony                    Necr           #.......     100%        5
 Borgnjor's Vile Clutch   Necr/Erth      #.........   100%        5
 Silence                  Hex/Air        #.........   100%        5
 Shadow Creatures         Summ           N/A          100%        6
 Simulacrum               Ice/Necr       #.........   100%        6


Dungeon Overview and Level Annotations

Branches:
Dungeon (11/15)            Temple (1/1) D:5            Lair (0/6) D:11
    Orc (2/2) D:11            Elf (2/3) Orc:2

Altars:
Ashenzari
Cheibriados
Dithmenos
Elyvilon
Fedhas
Gozag
Hepliaklqana
Kikubaaqudgha
Makhleb
Nemelex Xobeh
Okawaru
Qazlal
Ru
Sif Muna
Trog
Uskayaw
Vehumet
Wu Jian
Xom
Yredelemnul
Zin
The Shining One
Beogh
Jiyva

Shops:
D:5 ([*}[   Orc:1 !   Orc:2 :[!:

Portals:
Trove: D:10 (give +4 demon trident)


Innate Abilities, Weirdness & Mutations

You are resistant to torment.
Your stone body is resilient. (AC +9)
You are immune to poison.
You resist negative energy. (rN+)
You are resistant to electric shocks. (rElec)
You can survive without breathing.
You are immune to petrification.
You are immune to rotting.


Message History

The +1 broad axe of electrocution barely misses you.
You crush the troll like a grape!!! You drain the troll!
You kill the troll!
Okawaru accepts your kill.
The troll's shape twists and changes as it dies.
The deep elf knight hits you with a +0 scimitar!
You are too injured to fight recklessly!
Unknown command.
Press: ? - help, v - describe, . - travel, g - get item
Here: a +1 broad axe of electrocution
Items here: 2 arrows; a +0 shortbow.
The floor, spattered with blood.
You barely miss the deep elf knight.
The +1 broad axe of electrocution hits you.
You miss the deep elf knight.
The +1 broad axe of electrocution hits you!
* * * LOW HITPOINT WARNING * * *
The deep elf knight gestures at you while chanting.
The shard of ice hits you!!! You partially resist.
You die...

#........##'##...####........#..
#.........#....#....##+##....#..
#.........#...#.#...+...#....##'
#.........#....#....#...#.......
#.........####...####...####....
###.....'## #...#....#....#....
###.###.## #...'...###........
### ##.#######....#....#.'..
##'..)@e####...####.##.
###....†.(.# #...#.#'####
#..........###[..#))##
###........'...'[[)..#
###......######...## # ##.....#
##'..## # #+##..# ##.#'## #
#.#######.##.# #.# ##.###.# ###


You could see a deep elf knight and a +1 broad axe of electrocution.

Vanquished Creatures
  An orc warlord (D:10)
  The ghost of FalseProphet the Spear-Bearer, a journeyman DsGl of Okawaru (Orc:2)
  A deep elf death mage (Elf:1)
  A vault guard (D:10)
  A death knight (D:8)
  2 two-headed ogres
  6 dancing weapons
  3 orc high priests (Orc:2)
  2 deep elf knights (Elf:1)
  2 orc knights (Orc:1)
  A deep elf archer (Elf:1)
  3 necromancers (Elf:1)
  3 cyclopes
  2 orc sorcerers
  Pikel (D:4)
  11 deep elf magi (Elf:1)
  A troll (shapeshifter) (Elf:1)
  A queen bee (shapeshifter) (Elf:1)
  2 trolls (Orc:2)
  A redback (shapeshifter) (Elf:1)
  Sigmund (D:4)
  An air elemental (Elf:1)
  A water elemental (Elf:1)
  2 wraiths
  A tarantella (shapeshifter) (Elf:1)
  A wyvern (D:8)
  6 yaks (D:11)
  A fire elemental (Elf:1)
  A steam dragon (D:10)
  4 wargs
  An acid dragon (shapeshifter) (Elf:1)
  7 water moccasins
  14 orc warriors
  2 ice beasts
  4 sky beasts
  A black bear (D:7)
  An eye of draining (D:7)
  2 phantoms (D:9)
  3 necrophages
  12 ogres
  9 centaurs
  A lemure (D:4)
  3 big kobolds
  3 elf zombies (Elf:1)
  3 bullfrogs
  2 wyvern zombies
  4 scorpions
  6 killer bees (D:11)
  3 howler monkeys
  A bullfrog zombie (D:9)
  5 hounds
  4 jellies
  18 orc wizards
  A centaur skeleton (D:8)
  24 orc priests
  A bullfrog skeleton (D:4)
  2 iguanas
  10 worker ants
  Robin (D:4)
  A howler monkey zombie (D:5)
  A howler monkey skeleton (D:9)
  2 worker ant zombies
  A gnoll (D:7)
  10 adders
  2 white imps (D:5)
  2 ufetubi
  An ooze (D:1)
  2 adder zombies
  2 adder skeletons
  4 worms
  3 dart slugs
  6 leopard geckos
  71 orcs
  2 ball pythons (D:3)
  9 bats
  3 giant cockroaches
  12 goblins
  21 hobgoblins
  2 jackals (D:2)
  4 quokkas
  4 frilled lizards
  A jackal zombie (D:9)
  11 kobolds
  A leopard gecko skeleton (D:5)
  A leopard gecko zombie (D:5)
  A quokka zombie (D:9)
  6 rats
399 creatures vanquished.

Vanquished Creatures (others)
  A plant (D:11)
1 creature vanquished.

Grand Total: 400 creatures vanquished

Notes
Turn   | Place    | Note
-------+----------+-------------------------------------------
     0 | D:1      | mhtbhm the Gargoyle Fighter began the quest for the Orb.
     0 | D:1      | Reached XP level 1. HP: 14/14 MP: 1/1
   131 | D:1      | Reached XP level 2. HP: 17/19 MP: 2/2
   646 | D:1      | Reached XP level 3. HP: 24/24 MP: 3/3
  1066 | D:2      | Reached XP level 4. HP: 28/29 MP: 4/4
  1234 | D:2      | Found a sparkling altar of Nemelex Xobeh.
  1234 | D:2      | Found an opulent altar of Gozag.
  1699 | D:2      | Found a basalt altar of Yredelemnul.
  1704 | D:2      | Found a blossoming altar of Fedhas.
  1707 | D:2      | Found a shimmering altar of Xom.
  2014 | D:3      | Reached skill level 3 in Maces & Flails
  2014 | D:3      | Reached XP level 5. HP: 33/33 MP: 5/5
  2074 | D:3      | Found a radiant altar of Vehumet.
  2420 | D:4      | Reached XP level 6. HP: 38/38 MP: 6/6
  2421 | D:4      | Noticed Sigmund
  2426 | D:4      | Reached skill level 4 in Maces & Flails
  2467 | D:4      | Killed Sigmund
  2468 | D:4      | Reached skill level 1 in Dodging
  2468 | D:4      | Reached XP level 7. HP: 30/44 MP: 7/7
  2492 | D:4      | Noticed Pikel
  2501 | D:4      | Killed Pikel
  2502 | D:4      | Reached skill level 5 in Fighting
  2502 | D:4      | Reached skill level 6 in Maces & Flails
  2502 | D:4      | Reached skill level 5 in Shields
  2502 | D:4      | Reached XP level 8. HP: 49/49 MP: 8/8
  2753 | D:4      | Noticed Robin
  2777 | D:4      | Killed Robin
  3211 | D:5      | Entered Level 5 of the Dungeon
  3265 | D:5      | Found Panetsum's Antique Weapon Boutique.
  3304 | D:5      | Found a shadowy altar of Dithmenos.
  3358 | D:5      | Found Bylos's Armour Shoppe.
  3376 | D:5      | Found a staircase to the Ecumenical Temple.
  3430 | Temple   | Entered the Ecumenical Temple
  3554 | Temple   | Became a worshipper of Warmaster Okawaru
  3611 | D:5      | Reached skill level 5 in Armour
  3662 | D:5      | Found Uqo Ofos's Assorted Antiques.
  3673 | D:5      | Found Perch's Gadget Shoppe.
  3687 | D:5      | Bought an embroidered scarf for 144 gold pieces
  3818 | D:5      | Found Fatit's Armour Shoppe.
  3828 | D:5      | Reached skill level 7 in Maces & Flails
  3849 | D:5      | Found a glowing golden altar of the Shining One.
  4265 | D:6      | Found a hazy altar of Hepliaklqana.
  4427 | D:6      | Found a broken altar of Ashenzari.
  4607 | D:7      | You fall into a shaft and drop 1 floor!
  4616 | D:8      | Reached * piety under Okawaru
  4866 | D:7      | Reached XP level 9. HP: 55/55 MP: 9/9
  4942 | D:7      | Found a bloodstained altar of Trog.
  4958 | D:7      | Reached skill level 8 in Maces & Flails
  5343 | D:7      | Found an ornate altar of the Wu Jian Council.
  5438 | D:6      | You fall into a shaft and drop 3 floors!
  5450 | D:9      | Reached ** piety under Okawaru
  5589 | D:9      | Reached skill level 9 in Maces & Flails
  6103 | D:9      | Reached *** piety under Okawaru
  6192 | D:9      | Reached XP level 10. HP: 61/61 MP: 10/10
  6278 | D:8      | Noticed a death knight
  6301 | D:8      | Killed a death knight
  6302 | D:8      | Reached skill level 10 in Maces & Flails
  6472 | D:8      | Found a stormy altar of Qazlal.
  6532 | D:8      | Found a burning altar of Makhleb.
  7098 | D:10     | Entered Level 10 of the Dungeon
  7107 | D:10     | Reached **** piety under Okawaru
  7574 | D:10     | Noticed a two-headed ogre
  7584 | D:10     | Killed a two-headed ogre
  7585 | D:10     | Reached skill level 11 in Maces & Flails
  7820 | D:10     | Noticed a cyclops
  7833 | D:10     | Reached ***** piety under Okawaru
  7834 | D:10     | Reached XP level 11. HP: 60/68 MP: 11/11
  7840 | D:10     | Killed a cyclops
  7890 | D:10     | Noticed an orc warlord
  7911 | D:10     | Killed an orc warlord
  7912 | D:10     | Reached skill level 12 in Maces & Flails
  7942 | D:10     | Got an ivory glaive
  7943 | D:10     | Identified the +5 glaive of the Tomato {holy, Int+2} (You
                  | found it on level 10 of the Dungeon)
  8211 | D:10     | Noticed a vault guard
  8226 | D:10     | Killed a vault guard
  8226 | D:10     | Received a gift from Okawaru
  8238 | D:10     | Got a bloodstained dire flail {god gift}
  8239 | D:10     | Identified the +7 dire flail "Woudwuid" {drain, MR++ Str+4}
                  | (Okawaru gifted it to you on level 10 of the Dungeon)
  8243 | D:10     | Found a portal to a secret trove of treasure.
  8402 | D:10     | Found a sacrificial altar of Ru.
  8485 | D:11     | Noticed a cyclops
  8504 | D:11     | Killed a cyclops
  8785 | D:11     | Found a staircase to the Lair.
  8909 | D:11     | Noticed a cyclops
  8921 | D:11     | Killed a cyclops
  8990 | D:11     | Found a staircase to the Orcish Mines.
  9038 | Orc:1    | Entered Level 1 of the Orcish Mines
  9078 | Orc:1    | Found Tueng's Distillery.
  9215 | Orc:1    | Reached ****** piety under Okawaru
  9215 | Orc:1    | Received a gift from Okawaru
  9228 | Orc:1    | Noticed an orc knight
  9243 | Orc:1    | Killed an orc knight
  9244 | Orc:1    | Reached XP level 12. HP: 75/75 MP: 12/12
  9346 | Orc:2    | Entered Level 2 of the Orcish Mines
  9444 | Orc:2    | Reached skill level 13 in Maces & Flails
  9637 | Orc:2    | Noticed an orc high priest
  9923 | Orc:2    | Noticed an orc high priest
  9929 | Orc:2    | Killed an orc high priest
 10033 | Orc:2    | Noticed an orc high priest
 10042 | Orc:2    | Killed an orc high priest
 10079 | Orc:2    | Found a runed translucent door.
 10080 | Orc:2    | Found a shimmering altar of Xom.
 10080 | Orc:2    | Noticed FalseProphet's ghost (journeyman DsGl)
 10273 | Orc:2    | Killed FalseProphet's ghost
 10274 | Orc:2    | Reached skill level 14 in Maces & Flails
 10298 | Orc:2    | Found Bofecop's Antique Armour Boutique.
 10298 | Orc:2    | Found Obonyuv's Book Shop.
 10313 | Orc:2    | Found Noixaic's Distillery.
 10316 | Orc:2    | Found Vauwio's Book Boutique.
 10444 | Orc:2    | Bought a potion of might for 60 gold pieces
 10515 | Orc:2    | Noticed a soul eater
 10525 | Orc:2    | Killed an orc high priest
 10580 | Orc:2    | Found a staircase to the Elven Halls.
 10874 | Orc:1    | Found a roughly hewn altar of Beogh.
 10881 | Orc:1    | Noticed a two-headed ogre
 10885 | Orc:1    | Killed a two-headed ogre
 10896 | Orc:1    | Reached skill level 10 in Fighting
 11061 | Elf:1    | Entered Level 1 of the Elven Halls
 11082 | Elf:1    | Received a gift from Okawaru
 11120 | Elf:1    | Noticed a deep elf knight
 11137 | Elf:1    | Killed a deep elf knight
 11138 | Elf:1    | Reached skill level 15 in Maces & Flails
 11138 | Elf:1    | Reached XP level 13. HP: 82/82 MP: 13/13
 11993 | Elf:1    | Noticed a deep elf death mage
 11998 | Elf:1    | Killed a deep elf death mage
 11998 | Elf:1    | Received a gift from Okawaru
 12007 | Elf:1    | Identified the Disquisition on Necromancy
 12013 | Elf:1    | Got a pair of fine boots {god gift}
 12019 | Elf:1    | Identified the +0 pair of boots of Gestures {MR+ Int+2}
                  | (Okawaru gifted it to you on level 1 of the Elven Halls)
 12105 | Elf:1    | Reached skill level 16 in Maces & Flails
 12364 | Elf:1    | Killed from afar by a deep elf knight

Illustrated notes

Levels and vault maps discovered:
D:1:      sevenhm_arrival_forest_fort_large_4, layout_loops_ring, fountainhead
D:2:      layout_loops_corners, grunt_temple_overflow_opulence,
          grunt_temple_overflow_diamond, minmay_misc_feat_four_crosses
D:3:      layout_basic, lemuel_coloured_pillars_altar
D:4:      layout_loops_ring, minivault_23, uniq_pikel, uniq_robin, uniq_sigmund
D:5:      layout_gridville, grunt_dithmenos_smoke, kennysheep_mini_moat,
          temple_hall, serial_shops, nicolae_shop_crystal, shop_statue, shop,
          nicolae_shop_stone, nicolae_shop_statue_plus, grunt_ministairs_14,
          minmay_crystal_water
D:6:      layout_rooms, nicolae_ashenzari_panopticon,
          nicolae_overflow_hidden_temple, chequers_serial_rivers_micro_c
D:7:      layout_basic, marbit_many_paths, trog_eyes_of_draining
D:8:      layout_cave_pods, kennysheep_mini, makhleb_heckhound_becter
D:9:      kennysheep_six_static_rooms, layout_long_grid
D:10:     minmay_shrinking_squares, layout_basic, enter_trove_5,
          serial_corexii_hall, corexii_hall_statues_deadend,
          corexii_hall_statues_s, nicolae_ru_the_path_less_chosen
D:11:     layout_stronghold, erik_lair_orcish_takeover, orc_0_dummy, basic_altar
Temple:   pf_slime_end_temple
Orc:1:    cheibrodos_orc_bank, layout_caves, serial_shops, nicolae_shop_crystal,
          basic_altar
Orc:2:    st_orc_mages, layout_caves, ebering_ghost_xom
Elf:1:    layout_geoelf_octagon, minmay_elf_necromancy,
          hangedman_decor_cross_pass, grunt_megastairs_3
Elf:2:    layout_geoelf_octagon, serial_shops, nicolae_shop_behind_doors, shop,
          nicolae_shop_stone

Skill      XL: |  1  2  3  4  5  6  7  8  9 10 11 12 13 |
---------------+----------------------------------------+-----
Shields        | 4 5 6 7 8 9 |  9.4
Fighting       | 4 5 6 7 8 10 11 | 11.4
Maces & Flails | 3 4 6 7 9 11 12 15 16 | 16.0
Armour         | 4 5 6 8 9 |  9.8
Dodging        | 1 2 3 |  3.6
Stealth        | |  0.7
Invocations    | |  0.2
Evocations     | |  0.1

Action                   |  1- 3 |  4- 6 |  7- 9 | 10-12 | 13-15 || total
-------------------------+-------+-------+-------+-------+-------++-------
Melee: Flail             |   128 |    70 |       |       |       ||   198
       Morningstar       |       |   127 |   374 |   291 |       ||   792
       Dire flail        |       |       |       |   400 |   169 ||   569
Invok: Heroism           |       |       |       |     2 |       ||     2
Evoke: Wand              |       |       |       |     1 |       ||     1
  Use: Scroll            |       |     3 |     5 |     4 |       ||    12
       Potion            |       |       |       |     2 |       ||     2
 Stab: Invisible         |       |       |       |     5 |       ||     5
Armor: Scale mail        |    86 |   133 |   184 |    22 |       ||   425
       Chain mail        |       |       |       |   203 |       ||   203
       Plate armour      |       |       |       |    88 |    95 ||   183
Dodge: Dodged            |    50 |    68 |   126 |   184 |    48 ||   476
Block: Kite shield       |    76 |   102 |   228 |   139 |       ||   545

Table legend: (Time is in decaauts)
 A = Elapsed time spent in this place.
 B = Non-inter-level travel time spent in this place.
 C = Inter-level travel time spent in this place.
 D = Time resting spent in this place.
 E = Time spent auto-exploring this place.
 F = Levels seen in this place.
 G = Mean time per level.
                   A        B        C        D        E       F      G
               +--------+--------+--------+--------+--------+-----+--------+
         Total |  12338 |  12217 |    121 |   1099 |   7551 |  16 |  771.1 |
       Dungeon |   9041 |   8940 |    101 |    260 |   6064 |  11 |  821.9 |
        Temple |    144 |    144 |      0 |      0 |    106 |   1 |  144.0 |
  Orcish Mines |   1925 |   1925 |      0 |    528 |    746 |   2 |  962.5 |
   Elven Halls |   1227 |   1207 |     20 |    311 |    635 |   2 |  613.5 |
               +--------+--------+--------+--------+--------+-----+--------+

Top non-repeatable levels by time:
   Orc:2: 1333 daAuts
    D:10: 1222 daAuts
   Elf:1: 1220 daAuts
     D:2: 1012 daAuts
     D:9: 953 daAuts
     D:8: 952 daAuts
     D:4: 871 daAuts
     D:1: 870 daAuts
     D:5: 812 daAuts
     D:7: 750 daAuts
     D:3: 598 daAuts
   Orc:1: 591 daAuts
    D:11: 554 daAuts
     D:6: 444 daAuts
  Temple: 144 daAuts
